 Dungeon Crawl Stone Soup version 0.19.4-9-g45fd643 (webtiles) character file.

1056 JeffiDaFish the Shield-Bearer (level 8, -1/49 HPs)
             Began as a Gargoyle Fighter on Feb 16, 2017.
             Slain by an ogre
             ... wielding a +0 giant club
              (12 damage)
             ... on level 4 of the Dungeon on Feb 17, 2017.
             The game lasted 00:14:10 (3788 turns).

JeffiDaFish the Shield-Bearer (Gargoyle Fighter)    Turns: 3788, Time: 00:14:10

Health: -1/49      AC: 17    Str: 21    XL:     8   Next: 26%
Magic:  8/8        EV:  5    Int:  8    God:
Gold:   229        SH: 15    Dex: 11    Spells: 0 memorised, 7 levels left

rFire  . . .     SeeInvis +     g - +2 morningstar (protect)
rCold  . . .     Gourm    .     q - +0 chain mail
rNeg   + . .     Faith    .     a - +0 large shield
rPois  ∞         Spirit   .     r - +0 helmet
rElec  +         Reflect  .     (no cloak)
rCorr  .         Harm     .     n - +0 pair of gloves
MR     +....                    (no boots)
Stlth  ..........               (no amulet)
                                u - ring of protection from magic
                                k - ring of see invisible

@: hasted, very quick
A: negative energy resistance 1, electricity resistance, unbreathing,
petrification resistance, rot immunity, AC +5
a: no special abilities


You were on level 4 of the Dungeon.
You were very hungry.

You visited 1 branch of the dungeon, and saw 4 of its levels.

You collected 229 gold pieces.

Inventory:

Hand Weapons
 g - a +2 morningstar of protection (weapon)
Armour
 a - a +0 large shield (worn)
 n - a +0 pair of gloves (worn)
 q - a +0 chain mail (worn)
 r - a +0 helmet (worn)
Jewellery
 k - a ring of see invisible (left hand)
 u - a ring of protection from magic (right hand)
Scrolls
 b - 2 scrolls of fog
 i - a scroll of identify
 p - 4 scrolls of remove curse
Potions
 d - a potion of might
 e - a potion of haste
 l - 3 potions of flight
Comestibles
 f - 6 bread rations
 h - a beef jerky
 j - 2 meat rations
 s - a slice of pizza
 t - a royal jelly


   Skills:
 + Level 5.0 Fighting
 + Level 5.8 Maces & Flails
 + Level 5.0 Armour
 + Level 1.9 Dodging
 + Level 0.5 Stealth
 + Level 6.4 Shields


You had 7 spell levels left.
You didn't know any spells.

Dungeon Overview and Level Annotations

Branches:
Dungeon (4/15)
 Temple: D:4-7

Altars:
Dithmenos
Gozag
Hepliaklqana
Okawaru
Xom

Shops:
D:4 [

Annotations:
D:4 Grinder


Innate Abilities, Weirdness & Mutations

You are resistant to torment.
Your stone body is resilient. (AC +5)
You are immune to poison.
You resist negative energy. (rN+)
You are resistant to electric shocks. (rElec)
You can survive without breathing.
You are immune to petrification.
You are immune to rotting.


Message History

The hound is heavily wounded.
You block the hound's attack. x2
Grinder comes into view.
Grinder shouts!
You hit the hound but do no damage.
The hound is heavily wounded.
The hound bites you. The hound bites you but does no damage.
You impale the hound!!
You kill the hound!
Your Armour skill increases to level 5!
Grinder blinks!
You barely miss the ogre. The ogre hits you with a giant club!!
Your shield prevents you from hitting the ogre.
The ogre hits you with a giant club!
* * * LOW HITPOINT WARNING * * *
You are too injured to fight recklessly!
You are too injured to fight recklessly!
You are too injured to fight recklessly!
You feel yourself speed up. The ogre hits you with a giant club!
You die...

### #.# #.#########
#.........#
#.#######.#
#.#######(#
#.........#
############..#
......5O@..#..#
##############.#..#
#............#.#..#
#.#########.##.#<.#
#.# #.##.#.### #.#
#.##.#...# #.#
#.##.###.#
##.###### #.##.#
#.# #.......#
#.##)# #.#


You could see Grinder and an ogre.

Vanquished Creatures
  Eustachio (D:4)
  Edmund (D:4)
  A phantom (D:4)
  A bullfrog (D:4)
  2 scorpions (D:4)
  3 hounds (D:4)
  An orc priest (D:3)
  A bullfrog skeleton (D:4)
  Jessica (D:2)
  Ijyb (D:2)
  3 worker ants
  Robin (D:3)
  4 gnolls
  7 adders
  2 oozes
  2 worms
  2 dart slugs
  A leopard gecko (D:3)
  14 orcs
  6 giant cockroaches
  20 goblins
  14 hobgoblins
  8 jackals (D:3)
  A quokka (D:2)
  3 ball pythons
  16 bats
  2 frilled lizards
  13 kobolds
  13 rats
145 creatures vanquished.

Vanquished Creatures (others)
  A fungus (D:1)
1 creature vanquished.

Grand Total: 146 creatures vanquished

Notes
Turn   | Place    | Note
-------+----------+-------------------------------------------
     0 | D:1      | JeffiDaFish the Gargoyle Fighter began the quest for the Orb.
     0 | D:1      | Reached XP level 1. HP: 14/14 MP: 1/1
   157 | D:1      | Reached XP level 2. HP: 17/19 MP: 2/2
   478 | D:1      | Reached XP level 3. HP: 24/24 MP: 3/3
   818 | D:2      | Reached skill level 4 in Shields
   932 | D:2      | Noticed Jessica
   937 | D:2      | Killed Jessica
   937 | D:2      | Reached XP level 4. HP: 29/29 MP: 4/4
   956 | D:2      | Noticed Ijyb
   957 | D:2      | Found an iron altar of Okawaru.
   998 | D:2      | Killed Ijyb
   999 | D:2      | Reached XP level 5. HP: 16/33 MP: 5/5
  1269 | D:2      | Found a shadowy altar of Dithmenos.
  1636 | D:3      | Reached skill level 1 in Dodging
  1701 | D:3      | Found a shimmering altar of Xom.
  1824 | D:3      | Reached XP level 6. HP: 15/38 MP: 6/6
  2117 | D:3      | Found a faded altar of an unknown god.
  2125 | D:3      | Noticed Robin
  2187 | D:3      | Killed Robin
  2651 | D:4      | Found an opulent altar of Gozag.
  2729 | D:4      | Reached skill level 5 in Shields
  2930 | D:4      | Noticed a phantom
  2948 | D:4      | Killed a phantom
  2948 | D:4      | Reached XP level 7. HP: 41/44 MP: 7/7
  3000 | D:4      | Found a hazy altar of Hepliaklqana.
  3055 | D:4      | Noticed Eustachio
  3130 | D:4      | Killed Eustachio
  3130 | D:4      | Reached skill level 5 in Maces & Flails
  3412 | D:4      | Noticed Edmund
  3433 | D:4      | Killed Edmund
  3433 | D:4      | Reached skill level 6 in Shields
  3617 | D:4      | Found Pugappoy's Armour Boutique.
  3626 | D:4      | Reached XP level 8. HP: 44/48 MP: 8/8
  3672 | D:4      | Reached skill level 5 in Fighting
  3783 | D:4      | Noticed Grinder
  3784 | D:4      | Reached skill level 5 in Armour
  3788 | D:4      | Slain by an ogre

Skill      XL: |  1  2  3  4  5  6  7  8 |
---------------+-------------------------+-----
Shields        | 4 5 6 |  6.4
Fighting       | 4 5 |  5.0
Maces & Flails | 3 4 5 |  5.8
Dodging        | 1 |  1.9
Armour         | 4 5 |  5.0
Stealth        | |  0.5

Action                   |  1- 3 |  4- 6 |  7- 9 || total
-------------------------+-------+-------+-------++-------
Melee: Flail             |   174 |   378 |    22 ||   574
       Morningstar       |       |       |    95 ||    95
  Use: Scroll            |     3 |     5 |     1 ||     9
       Potion            |     2 |     1 |     3 ||     6
  Eat: Chunk             |     1 |     7 |     2 ||    10
Armor: Scale mail        |   114 |    70 |       ||   184
       Chain mail        |       |   251 |   114 ||   365
Dodge: Dodged            |    65 |   128 |    54 ||   247
Block: Shield            |   111 |   281 |   115 ||   507
       Large shield      |       |       |    14 ||    14
